AoeStats
← vmjboxing

Highland

504835820Analyzed
2v2 RM · 26d ago on Sep 6, 2026· 46m 45s· 4 players
Game mode
Random Map
Map size
Medium (4 player)
Population
200
Speed
Normal
Resources
Standard
Victory
Conquest
Starting age
Dark Age
Ending age
Imperial Age
RankedLock teamsTeams togetherTeam positionsShared explorationLock speedFull tech treeHidden civsTurbo modeCheats
Victory
Defeat
🇪🇸 Goths · Spain
661
+17
🇪🇸 Poles · Spain
650
+18
🇪🇸 Tatars · Spain
689
-18
🇨🇱 Romans · Chile
680
-17
Yevon
12:24 Feudal Age
13:04 Double-Bit Axe
13:17 Horse Collar
19:19 Castle Age
18:18 Stone Mining
18:21 Gold Mining
19:14 Wheelbarrow
18:52 Scale Mail Armor
20:16 Bow Saw
20:15 Heavy Plow
21:43 Forging
23:53 Loom
23:41 Man-at-Arms
27:15 Chain Mail Armor
29:45 Iron Casting
29:23 Caravan
30:13 Anarchy
32:13 Hand Cart
32:37 Stone Shaft Mining
32:49 Squires
32:35 Long Swordsman
32:36 Pikeman
38:33 Imperial Age
40:31 Two-Man Saw
40:07 Crop Rotation
39:42 Perfusion
40:03 Conscription
39:34 Two-Handed Swordsman
41:23 Blast Furnace
42:09 Champion
44:12 Elite Huskarl
45:29 Halberdier
vmjboxing
13:01 Feudal Age
15:07 Horse Collar
15:16 Double-Bit Axe
21:03 Castle Age
20:25 Stone Mining
20:29 Gold Mining
21:46 Heavy Plow
22:00 Bow Saw
24:33 Wheelbarrow
24:46 Stone Shaft Mining
26:19 Hand Cart
30:52 Bloodlines
30:46 Husbandry
30:38 Light Cavalry
32:07 Forging
31:50 Loom
34:53 Imperial Age
32:32 Scale Barding Armor
35:15 Iron Casting
35:00 Chain Barding Armor
35:51 Caravan
35:19 Cavalier
35:22 Winged Hussar
37:06 Blast Furnace
39:39 Szlachta Privileges
42:06 Crop Rotation
41:59 Lechitic Legacy
Alfredo Godofredo
0:37 Loom
10:33 Feudal Age
16:36 Horse Collar
16:43 Double-Bit Axe
23:33 Castle Age
25:28 Bow Saw
25:20 Heavy Plow
25:33 Caravan
28:40 Forging
28:31 Scale Mail Armor
28:36 Scale Barding Armor
32:21 Fortified Wall
37:11 Imperial Age
35:37 Iron Casting
35:18 Chain Mail Armor
35:24 Chain Barding Armor
35:01 Gold Mining
35:02 Stone Mining
37:57 Husbandry
38:08 Bloodlines
39:45 Comitatenses
39:45 Conscription
39:51 Man-at-Arms
40:34 Squires
41:47 Blast Furnace
41:22 Plate Barding Armor
42:00 Gold Shaft Mining
42:00 Crop Rotation
pedrocarro
10:43 Feudal Age
9:41 Loom
11:34 Double-Bit Axe
11:30 Horse Collar
15:08 Man-at-Arms
16:52 Town Watch
17:45 Wheelbarrow
18:39 Gold Mining
19:35 Fishing Lines
19:47 Arson
22:28 Castle Age
22:16 Fletching
24:15 Stone Mining
24:30 Squires
23:51 Pikeman
24:00 Elite Skirmisher
32:27 Gold Shaft Mining
33:55 Elite Skirmisher
36:11 Bow Saw
40:00 Imperial Age
38:32 Ballistics
38:06 Heated Shot
37:57 Treadmill Crane
38:28 Masonry
38:55 Guard Tower
39:01 Murder Holes
39:15 Gillnets
40:08 Hand Cart
43:13 Chemistry
42:19 Siege Engineers
42:24 Fortified Wall
42:31 Careening
43:07 Bodkin Arrow
43:13 Scale Mail Armor
43:14 Padded Archer Armor
43:20 Scale Barding Armor
44:00 Halberdier
46:02 Silk Armor
Connection lost

Rejoining the realm…

Still unreachable

The connection could not be restored.

Session expired

The server has moved on; the page needs a fresh start.